 Dungeon Crawl Stone Soup version 0.19-a0-1931-gf4bb0bd (webtiles) character file.

9590 Pentamerus the Cleaver (level 11, -6/145 HPs)
             Began as a Minotaur Fighter on Oct 25, 2016.
             Was a High Priest of Okawaru.
             Mangled by a white ugly thing (35 damage)
             ... on level 10 of the Dungeon.
             The game lasted 00:21:42 (9793 turns).

Pentamerus the Cleaver (Minotaur Fighter)           Turns: 9793, Time: 00:21:42

Health: -6/145     AC: 25    Str: 24    XL:     11   Next: 25%
Magic:  25/25      EV:  2    Int:  5    God:    Okawaru [*****.]
Gold:   499        SH: 10    Dex: 10    Spells: 0 memorised, 18 levels left

rFire  . . .     SeeInvis .     a - +1 war axe (freeze)
rCold  . . .     Gourm    .     (armour currently unavailable)
rNeg   + + +     Faith    .     M - -1 shield of Wayjoke {Regen+}
rPois  +         Spirit   .     (helmet currently unavailable)
rElec  .         Reflect  .     (cloak currently unavailable)
rCorr  .         Harm     .     (gloves currently unavailable)
MR     .....     NoTele   +     (boots currently unavailable)
Stlth  +.........               (no amulet)
                                d - ring of positive energy
                                l - ring of magical power

@: tree-form
A: (retaliatory headbutt), (horns 0)
a: Heroism, Finesse, Renounce Religion


You were on level 10 of the Dungeon.
You worshipped Okawaru.
Okawaru was extremely pleased with you.
You were hungry.
You were a tree.
You visited 2 branches of the dungeon, and saw 12 of its levels.

You collected 499 gold pieces.

Inventory:

Hand Weapons
 a - a +1 war axe of freezing (weapon)
 n - a +2 whip of flaming
 z - a +1 spear of venom
 K - a +2 hand axe of electrocution
Missiles
 F - a throwing net (quivered)
Armour
 b - the +3 ring mail "Huthen" (melded) {rC+}
   (You found it on level 4 of the Dungeon)

   It protects you from cold.
 i - a +1 chain mail
 y - a +0 cloak (melded)
 C - a +0 plate armour
 L - a +0 pair of gloves (melded)
 M - the -1 shield of Wayjoke (worn) {Regen+}
   (Okawaru gifted it to you on level 10 of the Dungeon)

   It increases your rate of regeneration.
Jewellery
 d - a ring of positive energy (right branch)
 l - a ring of magical power (left branch)
Wands
 q - a wand of random effects (39/48)
 B - a wand of polymorph (12/24)
 D - a wand of paralysis (8/24)
 H - a wand of confusion (34/48)
 I - a wand of disintegration (16/24)
Scrolls
 e - 4 scrolls of teleportation
 g - 9 scrolls of remove curse
 m - 2 scrolls of blinking
 r - a scroll of fear
 u - a scroll of enchant weapon
 x - 3 scrolls of recharging
 E - a scroll of summoning
 G - a scroll of enchant armour
Potions
 p - a potion of curing
 t - 3 potions of flight
 w - a potion of mutation {unknown}
 A - 2 potions of magic {unknown}
 J - a potion of ambrosia {unknown}
Comestibles
 c - 3 chunks of flesh
 f - 6 bread rations
 h - 5 fruits
 j - a slice of pizza
 k - 3 beef jerkies


   Skills:
 + Level 9.0 Fighting
 * Level 11.4 Axes
 + Level 8.9 Armour
 + Level 7.4 Dodging
 + Level 8.8 Shields
 + Level 4.3 Spellcasting


You had 18 spell levels left.
You didn't know any spells.

Dungeon Overview and Level Annotations

Branches:
Dungeon (11/15)            Temple (1/1) D:4            Lair (0/6) D:10
    Orc: D:9-12

Altars:
Ashenzari
Cheibriados
Dithmenos
Elyvilon
Fedhas
Gozag
Hepliaklqana
Kikubaaqudgha
Makhleb
Nemelex Xobeh
Okawaru
Qazlal
Ru
Sif Muna
Trog
Uskayaw
Vehumet
Xom
Yredelemnul
Zin
The Shining One

Shops:
D:5 =   D:7 :   D:10 (

Annotations:
D:11 Psyche


Innate Abilities, Weirdness & Mutations

((You reflexively headbutt those who attack you in melee.))
((You have a pair of horns on your head.))


Message History

* * * LOW HITPOINT WARNING * * *
The white ugly thing freezes you. You resist.
* * * LOW HITPOINT WARNING * * *
It was a potion of lignification.
You turn into a tree.
Your +0 cloak melds into your body.
Your +0 pair of gloves melds into your body.
The +3 ring mail "Huthen" {rC+} melds into your body.
Your roots penetrate the ground.
The white ugly thing tentacle-slaps you but does no damage.
You slash the white ugly thing!
The white ugly thing is almost dead.
The white ugly thing tentacle-slaps you but does no damage.
You hit the white ugly thing but do no damage.
The white ugly thing is severely wounded.
You slash the white ugly thing! You freeze the white ugly thing.
The white ugly thing is almost dead.
The white ugly thing tentacle-slaps you.
* * * LOW HITPOINT WARNING * * *
The white ugly thing freezes you!!
You die...

..............# #.#
.(............# #.#
).....##(.....# #.#
########......# #.# ##.....# #.#
#.....# #.# #########.....# #.#
...........####################.#
.........>....Yu♣.............#.#
....######..#.###############.#.#
###.........#..# #.#.#
##........#..#.# #.#.#
.......##.#..#.# ###########.#.#
...###.##.#..#.####...........#.#
....#####.#.........###########.#
......###.###...###############.#
.......##.# #.#.#..^.............


You could see a white ugly thing and a sky beast.

Vanquished Creatures
  2 hill giants (D:10)
  Pikel (D:5)
  A centaur zombie (D:10)
  A centaur skeleton (D:10)
  Sigmund (D:4)
  8 yaks
  2 wyverns
  Grum (D:9)
  A vampire (D:10)
  The ghost of Psiweapon the Insei, an amateur DsTm of Cheibriados (D:4)
  2 wargs (D:10)
  2 water moccasins
  An ice beast (D:10)
  2 sky beasts
  A slave (D:5)
  3 orc warriors
  2 black bears (D:10)
  4 wolves (D:9)
  5 ogres
  3 phantoms
  3 centaurs
  3 bullfrogs
  3 gnoll sergeants
  A water moccasin zombie (D:6)
  2 scorpions
  6 killer bees (D:10)
  8 wights
  9 howler monkeys
  5 crimson imps
  3 bullfrog zombies
  4 jellies
  7 hounds
  Crazy Yiuf (D:7)
  2 bullfrog skeletons
  9 orc priests
  7 orc wizards
  Jessica (D:2)
  2 iguanas
  5 worker ants
  A hound zombie (D:10)
  A worker ant zombie (D:9)
  16 gnolls
  10 adders
  2 shadow imps
  2 oozes
  4 adder skeletons
  A worm (D:2)
  3 dart slugs
  6 leopard geckos
  31 orcs
  2 ball pythons (D:6)
  5 bats
  3 giant cockroaches
  6 goblins
  5 hobgoblins
  9 jackals
  5 quokkas
  2 frilled lizards (D:2)
  6 kobolds
  A leopard gecko skeleton (D:7)
  8 rats
254 creatures vanquished.

Vanquished Creatures (others)
  A slave (D:5)
  A goblin (D:2)
  A plant (D:10)
3 creatures vanquished.

Grand Total: 257 creatures vanquished

Notes
Turn   | Place    | Note
-------+----------+-------------------------------------------
     0 | D:1      | Pentamerus the Minotaur Fighter began the quest for the Orb.
     0 | D:1      | Reached XP level 1. HP: 19/19 MP: 0/0
   385 | D:1      | Reached XP level 2. HP: 25/27 MP: 1/1
   619 | D:1      | Reached skill level 1 in Dodging
   794 | D:2      | Reached XP level 3. HP: 24/33 MP: 2/2
  1028 | D:2      | Found a snail-covered altar of Cheibriados.
  1028 | D:2      | Found a radiant altar of Vehumet.
  1224 | D:2      | Reached skill level 3 in Axes
  1271 | D:2      | Noticed Jessica
  1277 | D:2      | Killed Jessica
  1277 | D:2      | Reached XP level 4. HP: 37/40 MP: 3/3
  1554 | D:3      | Reached skill level 4 in Axes
  1554 | D:3      | Reached XP level 5. HP: 29/46 MP: 5/5
  1851 | D:3      | Reached skill level 1 in Spellcasting
  2171 | D:3      | Found a sparkling altar of Nemelex Xobeh.
  2486 | D:4      | Found a blossoming altar of Fedhas.
  2497 | D:4      | Noticed Psiweapon's ghost (amateur DsTm)
  2504 | D:4      | Killed Psiweapon's ghost
  2504 | D:4      | Reached XP level 6. HP: 46/53 MP: 7/7
  2553 | D:4      | Reached skill level 5 in Axes
  2566 | D:4      | Found a staircase to the Ecumenical Temple.
  2578 | Temple   | Entered the Ecumenical Temple
  2631 | Temple   | Became a worshipper of Warmaster Okawaru
  2800 | D:4      | Noticed Sigmund
  2815 | D:4      | Killed Sigmund
  2815 | D:4      | Reached skill level 5 in Fighting
  2815 | D:4      | Reached skill level 5 in Shields
  2815 | D:4      | Reached XP level 7. HP: 42/61 MP: 8/8
  2968 | D:4      | Reached skill level 5 in Armour
  3168 | D:4      | Got a warped ring mail
  3179 | D:4      | Identified the +3 ring mail "Huthen" {rC+} (You found it on level 4 of the Dungeon)
  3551 | D:5      | Entered Level 5 of the Dungeon
  3551 | D:5      | Noticed Pikel
  3564 | D:5      | Killed Pikel
  3564 | D:5      | Reached * piety under Okawaru
  3564 | D:5      | Reached ** piety under Okawaru
  3564 | D:5      | Reached skill level 6 in Axes
  3564 | D:5      | Reached XP level 8. HP: 40/69 MP: 10/10
  3655 | D:5      | Found Sitaopes's Jewellery Shoppe.
  3697 | D:5      | Reached skill level 7 in Axes
  4043 | D:5      | Reached *** piety under Okawaru
  4538 | D:6      | Reached XP level 9. HP: 24/78 MP: 11/11
  5107 | D:6      | Reached skill level 8 in Axes
  5521 | D:7      | Found Doinaome's Book Shoppe.
  5644 | D:7      | Found a runed door.
  5648 | D:7      | Noticed Crazy Yiuf
  5656 | D:7      | Killed Crazy Yiuf
  5786 | D:7      | Reached skill level 5 in Dodging
  6017 | D:8      | Reached **** piety under Okawaru
  6342 | D:8      | Reached skill level 9 in Axes
  7157 | D:8      | Found a sacrificial altar of Ru.
  7219 | D:9      | Noticed Grum
  7228 | D:9      | Killed Grum
  7228 | D:9      | Reached ***** piety under Okawaru
  7228 | D:9      | Reached XP level 10. HP: 59/88 MP: 13/13
  8038 | D:9      | Reached skill level 10 in Axes
  8330 | D:10     | Entered Level 10 of the Dungeon
  8591 | D:10     | Noticed a hill giant
  8606 | D:10     | HP: 4/90 [hill giant/giant club (31)]
  8616 | D:10     | Killed a hill giant
  8616 | D:10     | Received a gift from Okawaru
  8621 | D:10     | Noticed a hill giant
  9021 | D:10     | Got a brightly glowing shield {god gift}
  9032 | D:10     | Identified the -1 shield of Wayjoke {Regen+} (Okawaru gifted it to you on level 10 of the Dungeon)
  9065 | D:10     | Identified the Disquisition on Lightness and Flames
  9156 | D:10     | Killed a hill giant
  9156 | D:10     | Reached skill level 11 in Axes
  9156 | D:10     | Reached XP level 11. HP: 48/95 MP: 16/16
  9258 | D:10     | Found a staircase to the Lair.
  9537 | D:10     | Found Nuwaur's Antique Weapon Boutique.
  9769 | D:11     | Noticed a white ugly thing
  9777 | D:11     | Noticed Psyche
  9793 | D:10     | Mangled by a white ugly thing

Vault maps used:
D:1:      nicolae_arrival_washed_ashore
D:2:      amethyst_overflow_temple_binary, first_bread, kennysheep_jessica_study
D:3:      nicolae_overflow_hidden_temple
D:4:      lemuel_round_altar, uniq_sigmund
D:5:      serial_shops, nicolae_shop_competitors_out_of_business, uniq_pikel
D:7:      serial_shops, shop_fountains, uniq_crazy_yiuf_cottage
D:8:      nicolae_ru_path_of_blood
D:9:      uniq_grum
D:10:     erik_lair_orcish_takeover, serial_shops, kennysheep_little_box
D:11:     david_orc_5, grunt_livestock, uniq_psyche
Temple:   kb_temple_of_zot

Skill      XL: |  1  2  3  4  5  6  7  8  9 10 11 |
---------------+----------------------------------+-----
Dodging        | 1 2 3 4 5 7 |  7.4
Fighting       | 4 5 6 7 8 9 |  9.0
Axes           | 3 4 5 6 7 9 11 | 11.4
Armour         | 4 5 6 7 8 |  8.9
Shields        | 4 5 6 7 8 |  8.8
Spellcasting   | 1 2 3 4 |  4.3

Action                   |  1- 3 |  4- 6 |  7- 9 | 10-12 || total
-------------------------+-------+-------+-------+-------++-------
Melee: War axe           |    75 |   136 |   355 |   214 ||   780
       Headbutt          |     8 |    23 |    70 |    49 ||   150
Invok: Heroism           |       |       |     1 |     1 ||     2
       Finesse           |       |       |       |     2 ||     2
Evoke: Wand              |       |       |       |     1 ||     1
  Use: Scroll            |       |    12 |     7 |     1 ||    20
       Potion            |       |     1 |     3 |     6 ||    10
  Eat: Chunk             |     1 |     5 |    15 |     8 ||    29
Armor: Chain mail        |    44 |    97 |     3 |       ||   144
       Scale mail        |     3 |       |       |       ||     3
       Ring mail         |       |       |   102 |    55 ||   157
       Skin              |       |       |       |     2 ||     2
Dodge: Dodged            |    21 |    41 |   132 |    86 ||   280
Block: Shield            |    38 |    85 |   196 |   103 ||   422
